 Dungeon Crawl Stone Soup version 0.24.0-41-g2ae2f7f1be (webtiles) character file.

Game seed: 11821323407943632487, levelgen mode: deterministic

37310 Goreval the Carver (level 13, -7/109 HPs)
             Began as a Barachi Skald on Dec 9, 2019.
             Was the Champion of Dithmenos.
             Engulfed by a fire crab's flame (16 damage)
             ... in a volcano.
             The game lasted 00:53:10 (20005 turns).

Goreval the Carver (Barachi Skald)                 Turns: 20005, Time: 00:53:11

Health: -7/109     AC: 13    Str: 20    XL:     13   Next: 95%
Magic:  23/33      EV: 13    Int: 17    God:    Dithmenos [******]
Gold:   1557       SH: 28    Dex: 18    Spells: 13/26 levels left

rFire    . . .     SeeInvis .   L - +7 scimitar (flame)
rCold    x . .     Gourm    .   Y - +10 large shield of Ignorance {rN+ Int-4}
rNeg     + . .     Faith    .   R - +3 ring mail
rPois    .         Spirit   .   B - +3 hat of Pondering {ponderous, MR+ MP+10 Int+5}
rElec    .         Reflect  .   P - +0 cloak
rCorr    .         Harm     .   X - +0 pair of fencer's gloves {Riposte Dex+3}
MR       +....                  (no boots)
Stlth    +.........             o - amulet of rage
HPRegen  0.28/turn              b - ring of Vizig {+Inv rC- Dex+3 Slay+4}
MPRegen  0.23/turn              O - +5 ring of strength

@: wreathed by umbra, very slow
A: +LOS, swims, slowness 1, strong legs 2
a: Hop, Shadow Step, Shadow Form, Renounce Religion, Evoke Berserk Rage, Evoke
Invisibility


You were in a volcano.
You worshipped Dithmenos.
Dithmenos was exalted by your worship.
You were not hungry.

You visited 3 branches of the dungeon, and saw 17 of its levels.
You also visited: Bailey and Volcano.

You collected 1557 gold pieces.

Inventory:

Hand Weapons
 I - a +3 great sword of freezing
 L - a +7 scimitar of flaming (weapon)
 S - a +2 double sword of holy wrath
Missiles
 h - 389 stones (quivered)
 s - 2 throwing nets
Armour
 w - a +0 shield
 z - a +3 chain mail
 B - the +3 hat of Pondering (worn) {ponderous, MR+ MP+10 Int+5}
   (You found it on level 5 of the Dungeon)

   It affects your intelligence (+5).
   It affects your resistance to hostile enchantments.
   It affects your magic capacity (+10).
 C - a +3 leather armour of cold resistance
 P - a +0 cloak (worn)
 R - a +3 ring mail (worn)
 X - the +0 pair of fencer's gloves (worn) {Riposte Dex+3}
   (You found it in a bailey)

   It affects your dexterity (+3).
 Y - the +10 large shield of Ignorance (worn) {rN+ Int-4}
   (You found it in a bailey)

   It affects your intelligence (-4).
   It protects you from negative energy.
Jewellery
 a - a +3 ring of protection
 b - the ring of Vizig (left hand) {+Inv rC- Dex+3 Slay+4}
   (You found it on level 6 of the Dungeon)

   [ring of dexterity]

   It affects your dexterity (+3).
   It affects your accuracy and damage with ranged weapons and melee attacks
   (+4).
   It makes you vulnerable to cold.
   It lets you turn invisible.
 c - an uncursed ring of flight
 f - a +6 ring of intelligence
 i - a +3 ring of dexterity
 m - an uncursed ring of protection from magic
 n - an uncursed ring of poison resistance
 o - an amulet of rage (around neck)
 O - a +5 ring of strength (right hand)
 Z - a cursed amulet of guardian spirit
Wands
 y - a wand of enslavement (16)
 F - a wand of iceblast (15)
 G - a wand of polymorph (10)
 U - a wand of paralysis (11)
Scrolls
 e - 4 scrolls of blinking
 j - 10 scrolls of remove curse
 l - 2 scrolls of magic mapping
 p - 3 scrolls of immolation
 r - 4 scrolls of teleportation
 v - 3 scrolls of fog
 x - 2 scrolls of enchant armour
 T - a scroll of silence {unknown}
Potions
 g - 7 potions of degeneration
 k - 2 potions of invisibility {unknown}
 q - 3 potions of lignification
 t - a potion of might {unknown}
 A - 4 potions of curing
 D - 5 potions of brilliance
 E - 4 potions of flight
 H - 4 potions of agility
 J - 2 potions of haste
 Q - a potion of magic {unknown}
 V - 2 potions of mutation {unknown}
Miscellaneous
 W - a phial of floods
Comestibles
 d - 36 rations


   Skills:
 + Level 12.8 Fighting
 - Level 14.6 Long Blades
 - Level 3.0 Armour
 - Level 7.6 Dodging
 + Level 11.1 Shields
 * Level 7.1 Spellcasting
 * Level 8.9 Charms
 + Level 4.2 Translocations
 - Level 4.2 Evocations


You had 13 spell levels left.
You knew the following spells:

 Your Spells              Type           Power        Failure   Level  Hunger
a - Infusion              Chrm           ####         3%          1    None
b - Shroud of Golubria    Chrm/Tloc      ####..       12%         2    None
c - Song of Slaying       Chrm           #####...     4%          2    None
d - Regeneration          Chrm/Necr      ###.......   47%         3    ##.....
n - Blink                 Tloc           N/A          28%         2    None
z - Spectral Weapon       Hex/Chrm       ###.....     47%         3    ##.....

Your spell library contained the following spells:

 Spells                   Type           Power        Failure   Level  Hunger
 Magic Dart               Conj           #...         75%         1    None
 Sting                    Conj/Pois      #...         75%         1    None
 Call Imp                 Summ           #.......     86%         2    None
 Poisonous Vapours        Pois/Air       #.....       86%         2    None
 Slow                     Hex            #.......     86%         2    None
 Conjure Flame            Conj/Fire      #.......     98%         3    ##.....
 Mephitic Cloud           Conj/Pois/Air  #.......     98%         3    ##.....
 Olgreb's Toxic Radiance  Pois           #.......     100%        4    ####...
 Venom Bolt               Conj/Pois      #.........   100%        5    #####..


Dungeon Overview and Level Annotations

Branches:
Dungeon (12/15)            Temple (1/1) D:4            Lair (4/6) D:11
  Swamp (0/4) Lair:2       Spider (0/4) Lair:3       Bailey (visited)
Volcano (1/1)
    Orc: D:9-12

Altars:
Ashenzari
Cheibriados
Dithmenos
Elyvilon
Fedhas
Gozag
Hepliaklqana
Kikubaaqudgha
Makhleb
Nemelex Xobeh
Okawaru
Qazlal
Ru
Sif Muna
Trog
Uskayaw
Vehumet
Wu Jian
Xom
Yredelemnul
Zin
The Shining One

Annotations:
D:5 1 runed translucent door, Crazy Yiuf
Lair:2 1 runed translucent door, Zoobame's ghost, journeyman DEWz


Innate Abilities, Weirdness & Mutations

Shadows flee at your approach. (+LOS)
You can swim through water.
You cover ground slowly.
You can hop long distances.


Message History

You block the fire crab's attack.
The fire crab claws you but does no damage.
You hit the fire crab but do no damage.
Your shadow hits the fire crab with a scimitar.
You are engulfed in blazing flames.
* * * LOW HITPOINT WARNING * * *
You emit a cloud of dark smoke.
The fire crab breathes flames at you.
The blast of flame engulfs you but does no damage.
Okay, then.
Okay, then.
Okay, then.
Okay, then.
The floor.
This square is wreathed by an umbra.
There is a cloud of flame here.
Really quaff the potion of lignification?
Okay, then.
You feel better.
You are engulfed in blazing flames.
You die...

#### ## ###
##°°###8# [≈)#
#.##°°#°# .≈!≈#
##.###@# ### .S.≈)#
#.##t####8#.S.≈§≈#
##.###§§§†t.S.§.≈.#
#.##88####8#.≈§§.≈#
#.#####.#### .≈.≈!#
##.##..#.## .§[≈#
##..####.# ####
#### #.# # #.# .##


You could see a fire crab.

Vanquished Creatures
  Erica (D:7)
  3 hydras
  A queen ant (D:11)
  A two-headed ogre (D:10)
  Urug (Lair:3)
  A lindwurm (Volcano)
  An orc knight (Bailey)
  An ugly thing (D:12)
  2 cyclopes (D:11)
  A manticore (D:11)
  10 elephants
  A gargoyle (D:12)
  5 spiny frogs
  A rime drake (Lair:4)
  A komodo dragon (Lair:4)
  A troll (D:10)
  A queen bee (Lair:1)
  3 tyrant leeches (Lair:2)
  11 blink frogs
  7 hippogriffs
  5 dream sheep (Lair:4)
  A spriggan (D:6)
  A shadow (D:11)
  6 fire bats (Volcano)
  A basilisk (Lair:4)
  A wyvern (Lair:2)
  35 yaks
  2 steam dragons
  2 hungry ghosts
  2 wargs (D:11)
  A swamp worm (Lair:2)
  2 hell hounds (Volcano)
  20 soldier ants (D:11)
  6 porcupines
  2 water moccasins
  10 orc warriors
  3 phantoms
  2 ice beasts (D:8)
  3 sky beasts
  2 black bears (D:11)
  2 necrophages
  5 ogres
  4 centaurs
  7 crocodiles
  3 big kobolds
  16 bullfrogs
  A scorpion (D:11)
  A water moccasin skeleton (D:8)
  35 killer bees
  14 wights
  3 howler monkeys (D:6)
  5 electric eels (D:9)
  2 crimson imps
  5 lava snakes (Volcano)
  2 centaur zombies
  4 bullfrog skeletons
  A jelly (D:9)
  8 hounds
  2 quasits
  A gnoll shaman (D:8)
  12 orc priests
  3 iguanas
  11 orc wizards
  31 worker ants
  A hound zombie (D:9)
  13 gnolls
  A howler monkey skeleton (D:10)
  9 adders
  4 shadow imps
  3 oozes
  An adder skeleton (D:8)
  An adder zombie (D:9)
  A worm (D:2)
  3 dart slugs
  4 leopard geckos
  28 orcs
  A ball python (D:1)
  8 bats
  7 giant cockroaches
  10 hobgoblins
  6 jackals
  27 kobolds
  5 quokkas
  13 frilled lizards
  14 goblins
  A jackal skeleton (D:6)
  A quokka skeleton (D:6)
  A quokka zombie (D:5)
  6 rats
508 creatures vanquished.

Vanquished Creatures (others)
  5 fungi
  3 plants (Lair:2)
  2 spectral weapons
10 creatures vanquished.

Grand Total: 518 creatures vanquished

Notes
Turn   | Place    | Note
-------+----------+-------------------------------------------
     0 | D:1      | Goreval the Barachi Skald began the quest for the Orb.
     0 | D:1      | Reached XP level 1. HP: 17/17 MP: 3/3
    64 | D:1      | Reached XP level 2. HP: 13/23 MP: 5/5
   229 | D:1      | Reached skill level 3 in Long Blades
   771 | D:1      | Reached XP level 3. HP: 22/28 MP: 6/6
  1698 | D:2      | Found a stormy altar of Qazlal.
  2098 | D:3      | Learned a level 2 spell: Shroud of Golubria
  2327 | D:2      | Reached XP level 4. HP: 35/35 MP: 7/7
  2375 | D:2      | Reached skill level 4 in Long Blades
  3319 | D:5      | Entered Level 5 of the Dungeon
  3615 | D:3      | Reached XP level 5. HP: 35/41 MP: 8/8
  3873 | D:3      | Found a bloodstained altar of Trog.
  3975 | D:4      | Found a white marble altar of Elyvilon.
  3979 | D:4      | Found a radiant altar of Vehumet.
  4201 | D:4      | Reached skill level 5 in Long Blades
  4283 | D:4      | Reached XP level 6. HP: 48/48 MP: 9/9
  4617 | D:4      | Found a staircase to the Ecumenical Temple.
  4622 | Temple   | Entered the Ecumenical Temple
  4828 | Temple   | Became a worshipper of Dithmenos the Shadowed
  4972 | D:4      | Found a glowing silver altar of Zin.
  5082 | D:5      | Found the +3 hat of Pondering {ponderous, MR+ MP+10 Int+5}
  5559 | D:5      | Reached skill level 6 in Long Blades
  5754 | D:5      | Found a runed translucent door.
  5755 | D:5      | Noticed Crazy Yiuf
  6236 | D:6      | Reached XP level 7. HP: 46/55 MP: 10/10
  6278 | D:5      | Reached skill level 5 in Fighting
  6356 | D:6      | Reached skill level 7 in Long Blades
  6557 | D:6      | Reached skill level 8 in Long Blades
  6558 | D:6      | Reached XP level 8. HP: 39/64 MP: 11/11
  6887 | D:6      | Got a faintly glowing marble ring
  6889 | D:6      | Identified the ring of Vizig {+Inv rC- Dex+3 Slay+4} (You
                  | found it on level 6 of the Dungeon)
  7203 | D:6      | Learned a level 3 spell: Spectral Weapon
  7222 | D:6      | Reached skill level 1 in Translocations
  7336 | D:7      | Noticed a spriggan baker
  7355 | D:6      | Reached * piety under Dithmenos
  7481 | D:6      | Killed a spriggan baker
  7482 | D:6      | Paralysed by fainting for 10 turns
  7620 | D:7      | Reached skill level 9 in Long Blades
  7763 | D:7      | Reached XP level 9. HP: 72/72 MP: 14/14
  7773 | D:7      | Reached skill level 5 in Charms
  7864 | D:7      | Learned a level 3 spell: Regeneration
  8272 | D:8      | Noticed Erica
  8509 | D:7      | Killed Erica
  9127 | D:9      | Reached skill level 10 in Long Blades
  9127 | D:9      | Reached skill level 5 in Spellcasting
  9131 | D:9      | Reached ** piety under Dithmenos
  9131 | D:9      | Reached XP level 10. HP: 76/81 MP: 17/17
  9589 | D:8      | Reached skill level 5 in Dodging
  9649 | D:8      | Learned a level 2 spell: Song of Slaying
  9967 | D:8      | Reached skill level 11 in Long Blades
  9975 | D:8      | Found a shattered altar of Ashenzari.
  9982 | D:8      | Reached *** piety under Dithmenos
 10682 | D:9      | Found a shimmering altar of Xom.
 10683 | D:9      | Found a burning altar of Makhleb.
 10756 | D:9      | Reached skill level 1 in Evocations
 11276 | D:9      | Found a snail-covered altar of Cheibriados.
 11405 | D:9      | Reached XP level 11. HP: 83/89 MP: 19/19
 11469 | D:10     | Entered Level 10 of the Dungeon
 11928 | D:10     | Reached **** piety under Dithmenos
 12225 | D:11     | Found a flagged portal.
 12251 | Bailey   | Entered a bailey
 12256 | Bailey   | Noticed an orc knight
 12309 | Bailey   | Reached skill level 12 in Long Blades
 12323 | Bailey   | Found the +0 pair of fencer's gloves {Riposte Dex+3}
 12349 | Bailey   | Killed an orc knight
 12371 | Bailey   | Reached ***** piety under Dithmenos
 12685 | Bailey   | Found the +10 large shield of Ignorance {rN+ Int-4}
 12799 | D:10     | Noticed a two-headed ogre
 12806 | D:10     | Killed a two-headed ogre
 12806 | D:10     | Reached skill level 1 in Shields
 13022 | D:10     | Reached skill level 10 in Fighting
 13504 | D:11     | Learned a level 2 spell: Blink
 13506 | D:12     | Noticed a purple ugly thing
 13518 | D:12     | Killed a purple ugly thing
 13616 | D:11     | Reached XP level 12. HP: 88/98 MP: 20/20
 13617 | D:11     | Reached skill level 13 in Long Blades
 13617 | D:11     | Reached skill level 5 in Shields
 13728 | D:11     | Noticed a queen ant
 13753 | D:11     | Killed a queen ant
 14501 | D:11     | Found a staircase to the Lair.
 14914 | D:11     | Reached ****** piety under Dithmenos
 15103 | Lair:1   | Entered Level 1 of the Lair of Beasts
 16106 | Lair:1   | Noticed a seven-headed hydra
 16113 | Lair:1   | Killed a four-headed hydra
 16113 | Lair:1   | Reached skill level 14 in Long Blades
 16129 | Lair:1   | Gained mutation: You can hop long distances. [Barachi
                  | growth]
 16129 | Lair:1   | Reached XP level 13. HP: 75/107 MP: 21/21
 16447 | Lair:2   | Found a shadowy altar of Dithmenos.
 16490 | Lair:3   | Noticed Urug
 16601 | Lair:2   | Reached skill level 10 in Shields
 17629 | Lair:2   | Found a runed translucent door.
 17630 | Lair:2   | Noticed Zoobame's ghost (journeyman DEWz)
 17633 | Lair:2   | Identified the cursed +1 trident of War {pierce, MR+}
 17884 | Lair:2   | Found a staircase to the Swamp.
 18432 | Lair:3   | Paralysed by Urug for 7 turns
 18446 | Lair:3   | Killed Urug
 19091 | Lair:3   | Found a hole to the Spider Nest.
 19748 | Lair:4   | Found a dark tunnel.
 19795 | Volcano  | Entered a volcano
 20004 | Volcano  | HP: 4/109 [fire crab] (25)]
 20005 | Volcano  | Engulfed by a fire crab's flame

Levels and vault maps discovered:
D:1:      eino_arrival_cavern_b, layout_loops_ring, minmay_lizard_king
D:2:      layout_basic, corner_web_ring, nicolae_qazlal_general_emergency
D:3:      layout_loops_ring, lemuel_doored_altar, first_ration
D:4:      layout_cave_pools, vehumet_altar_wand_db, elyvilon_altar_5,
          lemuel_coloured_pillars_altar, minmay_temple_entry_nine_rooms,
          item_on_display_a
D:5:      layout_loops_ring, serial_bayou_lagoon_b, uniq_crazy_yiuf_cottage
D:6:      layout_cave_pools
D:7:      layout_rooms, the_bakery
D:8:      layout_rooms, evilmike_ruin_ashenzari, serial_bayou_pond_c,
          minmay_between, uniq_erica
D:9:      layout_basic, grunt_temple_overflow_champion_of_chaos,
          kennysheep_little_box, kennysheep_boxes
D:10:     layout_cave_pools, serial_park_tiny_1
D:11:     layout_grid_maze, erik_lair_orcish_takeover, enter_bailey_3,
          hangedman_abyss_or_decor_stabs, minivault_29
D:12:     layout_irregular_city, erik_orc_4, nicolae_trove_entry_crystal,
          serial_shops, shop, kennysheep_mini, shop
Temple:   dpeg_chambers_temple
Lair:1:   layout_roguey [special_room_bee], grunt_megastairs_3
Lair:2:   layout_layer_cave, minmay_swamp_entry_worms,
          ebering_ghost_funeral_grove, basic_altar
Lair:3:   layout_cave_pods, spider_nest_entry_web_field, uniq_urug
Lair:4:   layout_misc_corridors, gauntlet_entry_generic,
          nicolae_volcano_entry_lava_flow, beast_lair_carwin_9
Volcano:  volcano_grotto [vgs_hot_hot_hot]

Skill      XL: |  1  2  3  4  5  6  7  8  9 10 11 12 13 |
---------------+----------------------------------------+-----
Long Blades    | 3 4 5 6 8 9 10 11 12 14 | 14.6
Fighting       | 3 4 6 7 8 9 10 11 12 | 12.8
Dodging        | 3 4 6 7 |  7.6
Armour         | 2 3 |  3.0
Translocations | 3 4 |  4.2
Charms         | 4 7 8 |  8.9
Spellcasting   | 3 5 7 |  7.1
Evocations     | 1 4 |  4.2
Shields        | 4 9 11 | 11.1

Action                   |  1- 3 |  4- 6 |  7- 9 | 10-12 | 13-15 || total
-------------------------+-------+-------+-------+-------+-------++-------
Melee: Falchion          |   115 |       |       |       |       ||   115
       Dagger            |    28 |   197 |   173 |       |       ||   398
       Scimitar          |       |       |    20 |   600 |   266 ||   886
Throw: Stone             |       |       |     8 |       |     2 ||    10
 Cast: Infusion          |     4 |     4 |     9 |    27 |     4 ||    48
       Shroud of Golubri |     1 |     1 |     7 |    11 |     2 ||    22
       Spectral Weapon   |       |       |     1 |     3 |     1 ||     5
       Regeneration      |       |       |     1 |     4 |     1 ||     6
       Song of Slaying   |       |       |       |     4 |     1 ||     5
 Abil: Hop               |     1 |       |       |     4 |       ||     5
       Evoke Berserk Rag |       |       |       |     1 |       ||     1
  Use: Scroll            |       |     4 |     3 |    15 |     2 ||    24
       Potion            |       |       |       |     1 |     2 ||     3
 Stab: Sleeping          |       |       |       |     2 |     1 ||     3
       Distracted        |       |       |       |     1 |       ||     1
  Eat: Chunk             |     5 |    11 |    13 |    24 |    10 ||    63
       Ration            |       |     1 |       |     2 |     1 ||     4
Armor: Leather armour    |    28 |       |    81 |   107 |     1 ||   217
       Ring mail         |    18 |    41 |       |       |    26 ||    85
       Chain mail        |       |    55 |    16 |    45 |    31 ||   147
Dodge: Dodged            |    95 |    84 |   154 |   388 |    59 ||   780
Block: Large shield      |       |       |       |   480 |   324 ||   804
       Rpst.: Falchion   |    29 |       |       |       |       ||    29
       Scimitar          |       |       |     5 |   126 |    21 ||   152
